 Dungeon Crawl Stone Soup version 0.23.2-40-g277498a001 (webtiles) character file.

Game seed: 6748927425527776685

1320 FishyPogo the Insei (level 8, -1/60 HPs)
             Began as a Gnoll Transmuter on Sept 21, 2019.
             Was a Believer of Okawaru.
             Slain by a gnoll
             ... wielding a +1 whip of freezing
              (4 damage)
             ... on level 5 of the Dungeon.
             The game lasted 00:12:16 (3899 turns).

FishyPogo the Insei (Gnoll Transmuter)              Turns: 3899, Time: 00:12:17

Health: -1/60      AC:  2    Str: 15    XL:     8   Next: 59%
Magic:  15/17      EV: 25    Int: 16    God:    Okawaru [**....]
Gold:   174        SH:  2    Dex: 20    Spells: 15/19 levels left

rFire    . . .     SeeInvis .     - Unarmed
rCold    . . .     Gourm    .   (shield currently unavailable)
rNeg     . . .     Faith    .   (armour currently unavailable)
rPois    x         Spirit   .   (helmet currently unavailable)
rElec    .         Reflect  +   (cloak currently unavailable)
rCorr    .         Harm     .   (gloves currently unavailable)
MR       .....                  (boots currently unavailable)
Stlth    +++.......             j - +2 amulet of reflection
HPRegen  0.20/turn              (no ring)
MPRegen  0.15/turn              (no ring)

@: spider-form
A: tiny, distributed training, strong nose
a: End Transformation, Heroism, Renounce Religion


You were on level 5 of the Dungeon.
You worshipped Okawaru.
Okawaru was pleased with you.
You were hungry.
You were a venomous arachnid creature.
You visited 1 branch of the dungeon, and saw 6 of its levels.

You collected 396 gold pieces.
You spent 222 gold pieces at shops.

Inventory:

Missiles
 f - 95 stones
 g - 59 poisoned needles
 l - 3 curare-tipped needles
 m - 2 exploding tomahawks
 p - a javelin (quivered)
 w - 3 tomahawks
Armour
 b - a +1 robe (melded)
Magical Staves
 o - an uncursed staff of air
Jewellery
 j - a +2 amulet of reflection (around neck)
Wands
 c - a wand of paralysis (13)
Scrolls
 e - 2 scrolls of enchant weapon {unknown}
 i - 4 scrolls of identify {unknown}
 k - 4 scrolls of remove curse
 r - a scroll of enchant armour
Potions
 a - a potion of flight
 h - 6 potions of curing
 q - a potion of brilliance {unknown}
 t - a potion of experience {unknown}
 u - 3 potions of heal wounds
 z - a potion of degeneration
 A - a potion of might {unknown}
Comestibles
 d - 11 rations
 n - 2 chunks of flesh


   Skills:
 + Level 4.3 Fighting
 + Level 3.3 Short Blades
 + Level 3.3 Long Blades
 + Level 3.3 Axes
 + Level 3.3 Maces & Flails
 + Level 3.3 Polearms
 + Level 3.3 Staves
 + Level 3.3 Slings
 + Level 3.3 Bows
 + Level 3.3 Crossbows
 + Level 3.3 Throwing
 + Level 3.3 Armour
 + Level 5.7 Dodging
 + Level 3.3 Stealth
 + Level 3.3 Shields
 + Level 7.4 Unarmed Combat
 + Level 6.1 Spellcasting
 + Level 2.7 Conjurations
 + Level 2.7 Hexes
 + Level 2.7 Charms
 + Level 2.7 Summonings
 + Level 2.7 Necromancy
 + Level 2.7 Translocations
 + Level 4.7 Transmutations
 + Level 2.7 Fire Magic
 + Level 2.7 Ice Magic
 + Level 2.7 Air Magic
 + Level 2.7 Earth Magic
 + Level 2.7 Poison Magic
 + Level 3.7 Invocations
 + Level 3.3 Evocations


You had 15 spell levels left.
You knew the following spells:

 Your Spells              Type           Power        Failure   Level  Hunger
d - Beastly Appendage     Tmut           ###...       8%          1    None
e - Spider Form           Tmut/Pois      ###.......   22%         3    ##.....

Your spell library contained the following spells:

 Spells                   Type           Power        Failure   Level  Hunger
 Sticks to Snakes         Tmut           ###.....     11%         2    #......
 Ice Form                 Ice/Tmut       ###.....     50%         4    ####...
 Blade Hands              Tmut           ###.......   69%         5    ######.


Dungeon Overview and Level Annotations

Branches:
Dungeon (6/15)
 Temple: D:4-7

Altars:
Cheibriados
Dithmenos
Elyvilon
Okawaru
Qazlal
Trog
Yredelemnul
Zin

Shops:
D:4 !   D:6 *


Innate Abilities, Weirdness & Mutations

Your experience applies equally to all skills.
((You have very sharp teeth.))
Your uncanny sense of smell can sniff out nearby items.


Message History

There is a stone staircase leading down here.
You hit the orc wizard.
The orc wizard is poisoned.
The orc wizard is lightly wounded.
The gnoll completely misses you.
The orc wizard hits you with a +0 dagger.
* * * LOW HITPOINT WARNING * * *
You hit the orc wizard.
The orc wizard looks as sick as possible!
The orc wizard is heavily wounded.
The gnoll completely misses you. You block the orc wizard's attack.
You bite the orc wizard!
You kill the orc wizard!
Okawaru accepts your kill. The gnoll completely misses you.
You hit the gnoll but do no damage.
The gnoll is poisoned.
The gnoll is moderately wounded.
The gnoll hits you with a +1 whip of freezing!
* * * LOW HITPOINT WARNING * * *
The gnoll freezes you.
You die...

#######################
#....)[g.........).....
#.####s................
#.# #.###.############
#.# #.###.# #......##
#### #.....# ##.......#
##_###########.........
##...##.........#.#.#.#.
#⌠.#.⌠#.#######.........
##...##.# #####.#.#.#.#÷
##.###.###.............


You could see a gnoll.

Vanquished Creatures
  Grinder (D:3)
  Eustachio (D:5)
  Edmund (D:6)
  An ice beast (D:6)
  2 scorpions (D:4)
  2 crimson imps
  A jelly (D:5)
  3 hounds (D:4)
  5 orc priests
  3 orc wizards
  Ijyb (D:3)
  An iguana (D:5)
  A worker ant (D:4)
  A hound skeleton (D:4)
  A howler monkey zombie (D:5)
  A gnoll (D:6)
  6 adders
  An adder zombie (D:5)
  A worm (D:3)
  3 dart slugs
  3 leopard geckos
  18 orcs
  4 giant cockroaches
  6 goblins
  6 hobgoblins
  A quokka (D:6)
  A ball python skeleton (D:4)
  A bat (D:2)
  2 frilled lizards (D:4)
  4 kobolds
  4 rats
87 creatures vanquished.

Notes
Turn   | Place    | Note
-------+----------+-------------------------------------------
     0 | D:1      | FishyPogo the Gnoll Transmuter began the quest for the Orb.
     0 | D:1      | Reached XP level 1. HP: 17/17 MP: 6/6
   399 | D:1      | Reached XP level 2. HP: 20/23 MP: 5/7
   858 | D:2      | Found a snail-covered altar of Cheibriados.
   858 | D:2      | Found a white marble altar of Elyvilon.
   861 | D:2      | Became a worshipper of Elyvilon the Healer
   878 | D:2      | Found a bloodstained altar of Trog.
   880 | D:2      | Found an iron altar of Okawaru.
   886 | D:2      | Fell from the grace of Elyvilon
   886 | D:2      | Became a worshipper of Warmaster Okawaru
   895 | D:2      | Reached XP level 3. HP: 26/28 MP: 9/9
   982 | D:2      | Found Zin's Purification Station.
   985 | D:2      | Found a glowing silver altar of Zin.
   988 | D:2      | Bought a potion of curing for 90 gold pieces
  1063 | D:2      | Reached skill level 5 in Spellcasting
  1399 | D:3      | Learned a level 3 spell: Spider Form
  1401 | D:3      | Reached skill level 1 in Short Blades
  1401 | D:3      | Reached skill level 1 in Long Blades
  1401 | D:3      | Reached skill level 1 in Axes
  1401 | D:3      | Reached skill level 1 in Maces & Flails
  1401 | D:3      | Reached skill level 1 in Polearms
  1401 | D:3      | Reached skill level 1 in Staves
  1401 | D:3      | Reached skill level 1 in Slings
  1401 | D:3      | Reached skill level 1 in Bows
  1401 | D:3      | Reached skill level 1 in Crossbows
  1401 | D:3      | Reached skill level 1 in Throwing
  1401 | D:3      | Reached skill level 1 in Armour
  1401 | D:3      | Reached skill level 1 in Stealth
  1401 | D:3      | Reached skill level 1 in Shields
  1401 | D:3      | Reached skill level 1 in Invocations
  1401 | D:3      | Reached skill level 1 in Evocations
  1401 | D:3      | Reached XP level 4. HP: 20/34 MP: 7/11
  1528 | D:3      | Found a faded altar of an unknown god.
  1532 | D:3      | Noticed Ijyb
  1553 | D:3      | Noticed Grinder
  1618 | D:3      | Killed Grinder
  1618 | D:3      | Reached * piety under Okawaru
  1618 | D:3      | Reached skill level 1 in Conjurations
  1618 | D:3      | Reached skill level 1 in Hexes
  1618 | D:3      | Reached skill level 1 in Charms
  1618 | D:3      | Reached skill level 1 in Summonings
  1618 | D:3      | Reached skill level 1 in Necromancy
  1618 | D:3      | Reached skill level 1 in Translocations
  1618 | D:3      | Reached skill level 1 in Fire Magic
  1618 | D:3      | Reached skill level 1 in Ice Magic
  1618 | D:3      | Reached skill level 1 in Air Magic
  1618 | D:3      | Reached skill level 1 in Earth Magic
  1618 | D:3      | Reached skill level 1 in Poison Magic
  1618 | D:3      | Reached XP level 5. HP: 11/41 MP: 12/12
  1618 | D:3      | Reached XP level 6. HP: 13/47 MP: 14/14
  1691 | D:3      | Paralysed by Ijyb for 2 turns
  1699 | D:3      | Killed Ijyb
  1759 | D:3      | Reached skill level 5 in Dodging
  2460 | D:4      | Reached XP level 7. HP: 37/52 MP: 13/15
  2601 | D:4      | Reached skill level 7 in Unarmed Combat
  2687 | D:4      | Reached ** piety under Okawaru
  3035 | D:4      | Found Ekiten's Distillery.
  3038 | D:4      | Bought a potion of heal wounds for 60 gold pieces
  3038 | D:4      | Bought a potion of heal wounds for 60 gold pieces
  3038 | D:4      | Bought a potion of degeneration for 12 gold pieces
  3064 | D:5      | Entered Level 5 of the Dungeon
  3111 | D:5      | Noticed Eustachio
  3133 | D:5      | Killed Eustachio
  3133 | D:5      | Reached XP level 8. HP: 26/60 MP: 13/16
  3383 | D:5      | Found a shadowy altar of Dithmenos.
  3518 | D:5      | Found a stormy altar of Qazlal.
  3528 | D:5      | Found a basalt altar of Yredelemnul.
  3797 | D:6      | Noticed Edmund
  3798 | D:6      | Found Nompucol's Elemental Accessories.
  3817 | D:6      | Killed Edmund
  3899 | D:5      | HP: 3/60 [gnoll/+1 whip of freezing (8)]
  3899 | D:5      | Slain by a gnoll

Skill      XL: |  1  2  3  4  5  6  7  8 |
---------------+-------------------------+-----
Spellcasting   | 5 6 |  6.1
Short Blades   | 1 2 3 |  3.3
Long Blades    | 1 2 3 |  3.3
Axes           | 1 2 3 |  3.3
Maces & Flails | 1 2 3 |  3.3
Polearms       | 1 2 3 |  3.3
Staves         | 1 2 3 |  3.3
Slings         | 1 2 3 |  3.3
Bows           | 1 2 3 |  3.3
Crossbows      | 1 2 3 |  3.3
Throwing       | 1 2 3 |  3.3
Armour         | 1 2 3 |  3.3
Stealth        | 1 2 3 |  3.3
Shields        | 1 2 3 |  3.3
Invocations    | 1 2 3 |  3.7
Evocations     | 1 2 3 |  3.3
Fighting       | 3 4 |  4.3
Conjurations   | 1 2 |  2.7
Hexes          | 1 2 |  2.7
Charms         | 1 2 |  2.7
Summonings     | 1 2 |  2.7
Necromancy     | 1 2 |  2.7
Translocations | 1 2 |  2.7
Transmutations | 4 |  4.7
Fire Magic     | 1 2 |  2.7
Ice Magic      | 1 2 |  2.7
Air Magic      | 1 2 |  2.7
Earth Magic    | 1 2 |  2.7
Poison Magic   | 1 2 |  2.7
Dodging        | 5 |  5.7
Unarmed Combat | 7 |  7.4

Action                   |  1- 3 |  4- 6 |  7- 9 || total
-------------------------+-------+-------+-------++-------
Melee: Unarmed           |    62 |    80 |   167 ||   309
       Kick              |     8 |       |     7 ||    15
       Bite              |     6 |     3 |    10 ||    19
       Punch             |     2 |     3 |     4 ||     9
       Staff             |     4 |       |       ||     4
       Headbutt          |       |       |     3 ||     3
Throw: Stone             |       |       |     7 ||     7
       Javelin           |       |       |     5 ||     5
 Cast: Beastly Appendage |     7 |     2 |    10 ||    19
       Spider Form       |     1 |     6 |     8 ||    15
 Abil: End Transformatio |       |     1 |       ||     1
  Use: Potion            |       |     5 |       ||     5
       Scroll            |       |       |     6 ||     6
 Stab: Sleeping          |     2 |     2 |     4 ||     8
  Eat: Chunk             |     1 |     4 |     5 ||    10
Armor: Robe              |     3 |     5 |     2 ||    10
       Skin              |       |       |     5 ||     5
Dodge: Dodged            |    38 |    49 |   111 ||   198
Block: Other             |     4 |     6 |     9 ||    19
